 Dungeon Crawl Stone Soup version 0.17-a0-1830-g81820eb (webtiles) character file.

677 wik the Covered (level 7, -10/61 HPs)
             Began as a Minotaur Fighter on Sept 13, 2015.
             Was an Initiate of Qazlal.
             Mangled by MordorOrchid's ghost (13 damage)
             ... on level 5 of the Dungeon.
             The game lasted 01:26:20 (5509 turns).

wik the Covered (Minotaur Fighter)                  Turns: 5509, Time: 01:26:21

Health: -10/61     AC: 10    Str: 21    XL:     7   Next: 33%
Magic:  6/6        EV:  7    Int:  6    God:    Qazlal [......]
Gold:   133        SH: 10    Dex: 10    Spells: 0 memorised, 6 levels left

rFire  . . .     SeeInvis .     a - +0 war axe
rCold  + . .     Clarity  .     V - +0 chain mail
rNeg   . . .     SustAt   .     c - +0 shield
rPois  .         Gourm    .     (helmet restricted)
rElec  .         Spirit   .     (no cloak)
rCorr  .         Warding  .     (no gloves)
rMut   .         Stasis   .     (no boots)
MR     .....                    (no amulet)
Stlth  ..........               (no ring)
                                u - ring of protection from cold

@: not resistant to hostile enchantments, extremely unstealthy
A: retaliatory headbutt, horns 2
a: Renounce Religion


You were on level 5 of the Dungeon.
You worshipped Qazlal.
Qazlal was noncommittal.
You were very hungry.

You visited 2 branches of the dungeon, and saw 6 of its levels.

You collected 133 gold pieces.

Inventory:

Hand weapons
 a - a +0 war axe (weapon)
 e - a +0 flail
 t - a +0 hunting sling
 D - a +1 short sword of venom
 J - a +0 whip
 M - a +0 spear
 O - a +1 falchion of electrocution
 S - a +0 mace
 T - a +0 flail
Missiles
 m - 124 stones
 y - 17 arrows of dispersal
 z - 10 poisoned needles (quivered)
 A - 56 sling bullets
 N - 13 bolts
 Z - 9 poisoned arrows
Armour
 b - a +0 scale mail
 c - a +0 shield (worn)
 f - a +1 robe of positive energy
 g - a +0 buckler
 j - a cursed +0 leather armour
 V - a +0 chain mail (worn)
Jewellery
 u - a ring of protection from cold (left hand)
 C - an uncursed amulet of warding {unknown}
 X - an uncursed ring of fire {unknown}
Magical devices
 i - a wand of random effects (31)
 n - a wand of cold (8)
Scrolls
 k - 4 scrolls of remove curse {unknown}
 r - 5 scrolls of identify {unknown}
 v - a scroll of random uselessness {unknown}
 w - 3 scrolls of fear {unknown}
 Y - a scroll of magic mapping {unknown}
Potions
 h - a potion of curing
 o - 2 potions of heal wounds {unknown}
 x - a potion of agility {unknown}
 H - a potion of ambrosia {unknown}
 I - a potion of might
 K - a potion of flight {unknown}
 W - 2 potions of invisibility {unknown}
Comestibles
 d - a meat ration
 l - a bread ration
 G - 2 beef jerkies


   Skills:
 + Level 5.6 Fighting
 + Level 5.0 Axes
 + Level 1.0 Throwing
 + Level 5.6 Armour
 + Level 2.9 Dodging
 + Level 0.5 Stealth
 + Level 5.6 Shields


You had 6 spell levels left.
You didn't know any spells.

Dungeon Overview and Level Annotations

Branches:
Dungeon (5/15)             Temple (1/1) D:4

Altars:
Ashenzari
Cheibriados
Dithmenos
Elyvilon
Fedhas
Makhleb
Nemelex Xobeh
Okawaru
Qazlal
Sif Muna
Trog
Vehumet
Yredelemnul
Zin
The Shining One

Shops:
D:4 *

Annotations:
D:5 MordorOrchid's ghost, experienced FoFi


Innate Abilities, Weirdness & Mutations

You reflexively headbutt those who attack you in melee.
You have a pair of horns on your head.


Message History

You slash MordorOrchid's ghost!
MordorOrchid's ghost is severely damaged.
MordorOrchid's ghost barely misses you.
You hit MordorOrchid's ghost.
MordorOrchid's ghost is severely damaged.
MordorOrchid's ghost hits you but does no damage.
MordorOrchid's ghost closely misses you.
You closely miss MordorOrchid's ghost.
MordorOrchid's ghost is severely damaged.
MordorOrchid's ghost lets out a mournful wail.
You block MordorOrchid's ghost's attack.
You closely miss MordorOrchid's ghost.
Your headbutt misses MordorOrchid's ghost.
MordorOrchid's ghost is severely damaged.
You block MordorOrchid's ghost's attack.
Your shield and chain mail prevent you from hitting MordorOrchid's ghost.
Your headbutt misses MordorOrchid's ghost.
MordorOrchid's ghost is severely damaged.
MordorOrchid's ghost hits you!
You die...

#.....#..######...###.#
#...#.................#
...###................#
#..<#....#............#
#.....#..######...###.
#........# #...#
.....##.## #...#
#.#..##.# #...#
#[#.....# #.@.#
#...###. ##W## ...##.##


.ra ...#._.# ##$#... .####.#### ..#.#.... ##..#'#..##..........
#...).'...#..#...##... ##.##.##.##...(... .... .###.#.###...# You could see a
worker ant, MordorOrchid's ghost and a quokka.

Vanquished Creatures
  An ogre (D:5)
  An orc priest (D:3)
  A jelly (D:5)
  7 orc wizards
  5 worker ants
  A hound skeleton (D:4)
  4 gnolls (D:3)
  3 adders (D:2)
  An ooze (D:5)
  An adder skeleton (D:4)
  2 worms
  3 giant geckos
  16 orcs
  A ball python (D:1)
  6 giant cockroaches
  9 goblins
  9 hobgoblins
  18 jackals
  7 bats
  4 giant newts
  A jackal skeleton (D:4)
  10 kobolds
  7 rats
  A bush (D:4)
119 creatures vanquished.

Vanquished Creatures (others)
  An orc wizard (D:4)
1 creature vanquished.

Grand Total: 120 creatures vanquished

Notes
Turn   | Place    | Note
--------------------------------------------------------------
     0 | D:1      | wik the Minotaur Fighter began the quest for the Orb.
     0 | D:1      | Reached XP level 1. HP: 19/19 MP: 0/0
   145 | D:1      | Reached XP level 2. HP: 20/27 MP: 1/1
   253 | D:1      | Reached skill level 4 in Fighting
  1185 | D:1      | Reached XP level 3. HP: 33/33 MP: 2/2
  1219 | D:2      | Found a shattered altar of Ashenzari.
  1880 | D:2      | Reached XP level 4. HP: 41/41 MP: 3/3
  2252 | D:3      | Reached XP level 5. HP: 8/47 MP: 4/4
  2705 | D:3      | Reached skill level 5 in Armour
  2705 | D:3      | Reached skill level 1 in Dodging
  2710 | D:3      | Reached skill level 5 in Fighting
  3220 | D:3      | Reached XP level 6. HP: 56/56 MP: 5/5
  3433 | D:4      | Found a burning altar of Makhleb.
  3775 | D:4      | Found Ywkuoser's General Store.
  3960 | D:4      | Reached skill level 5 in Shields
  4551 | D:4      | Found a staircase to the Ecumenical Temple.
  4585 | D:4      | Reached skill level 1 in Throwing
  4614 | D:4      | Reached XP level 7. HP: 59/61 MP: 6/6
  4742 | Temple   | Entered the Ecumenical Temple
  5091 | Temple   | Became a worshipper of Qazlal Stormbringer
  5154 | D:5      | Entered Level 5 of the Dungeon
  5216 | D:5      | Reached skill level 5 in Axes
  5409 | D:5      | Found a sparkling altar of Nemelex Xobeh.
  5493 | D:5      | Noticed MordorOrchid's ghost (experienced FoFi)
  5504 | D:5      | HP: 2/61 [MordorOrchid's ghost (13)]
  5509 | D:5      | Mangled by MordorOrchid's ghost

Vault maps used:
D:1:      evilmike_arrival_hilbert_curve
D:2:      ashenzari_conservatory_becter, st_stairs_4
D:4:      bloody_makhleb, minmay_temple_entry_fiery, serial_forest,
          infiniplex_forest_clump_medium, infiniplex_forest_straight_4,
          infiniplex_forest_clump_small, infiniplex_forest_diagonal,
          infiniplex_forest_zigzag_1, infiniplex_forest_clump_curved,
          serial_shops, nicolae_shop_crystal
D:5:      grunt_gozag_breadcrumbs, first_bread, serial_shops,
          nicolae_shop_waterfront, nemelex_dance_club_becter
Temple:   circular_temple_12

Action                   |  1- 3 |  4- 6 |  7- 9 || total
-------------------------+-------+-------+-------++-------
Melee: War axe           |   108 |   203 |    61 ||   372
       Mace              |       |     2 |       ||     2
Throw: Stone             |     1 |    29 |       ||    30
  Use: Potion            |     3 |     2 |     1 ||     6
 Stab: Distracted        |       |       |     1 ||     1
  Eat: Fruit             |     2 |     2 |       ||     4
       Chunk             |     1 |       |       ||     1
       Meat ration       |       |     1 |       ||     1
       Bread ration      |       |     1 |       ||     1
